 Dungeon Crawl Stone Soup version 0.26-a0-651-gb41185065b (webtiles) character file.

Game seed: 2527043731685510569

17665 Lanoc the Covert (level 12, -2/94 HPs)
             Began as a Gnoll Brigand on Oct 24, 2020.
             Was an Elder of Wu Jian.
             Slain by an orc warrior
             ... wielding a +0 mace
              (10 damage)
             ... while paralysed by Rupert
             ... on level 13 of the Dungeon on Oct 25, 2020.
             The game lasted 00:24:20 (13619 turns).

Lanoc the Covert (Gnoll Brigand)                   Turns: 13619, Time: 00:24:21

Health: -2/94      AC: 10    Str: 14    XL:     12   Next: 50%
Magic:  0/23       EV:  2    Int: 13    God:    Wu Jian [****..]
Gold:   794        SH:  0    Dex: 27    Spells: 25/25 levels left

rFire    . . .     SeeInvis +   a - +2 dagger (venom)
rCold    . . .     Faith    .   (no shield)
rNeg     . . .     Spirit   +   b - +0 robe
rPois    +         Reflect  .   i - +0 helmet
rElec    .         Harm     .   m - +1 cloak
rCorr    .         Rampage  .   (no gloves)
MR       .....                  (no boots)
Stlth    +++++.....             y - amulet "Enkagiep" {Spirit +Blink Dex+5 SInv}
HPRegen  0.25/turn              t - ring of poison resistance
MPRegen  0.18/turn              p - +4 ring of protection

@: paralysed
A: distributed training, fangs 1, strong nose
a: Wall Jump, Serpent's Lash, Renounce Religion, Evoke Blink


You were on level 13 of the Dungeon.
You worshipped Wu Jian.
Wu Jian was greatly pleased with you.
You visited 2 branches of the dungeon, and saw 14 of its levels.

You collected 794 gold pieces.

Inventory:

Hand Weapons
 a - a +2 dagger of venom (weapon)
Missiles
 d - 49 poisoned darts
 e - a curare-tipped dart (quivered)
Armour
 b - a +0 robe (worn)
 i - a +0 helmet (worn)
 m - a +1 cloak (worn)
Jewellery
 n - a +6 ring of intelligence
 p - a +4 ring of protection (right hand)
 s - an uncursed ring of protection from cold
 t - a ring of poison resistance (left hand)
 y - the amulet "Enkagiep" (around neck) {Spirit +Blink Dex+5 SInv}
   (You found it on level 7 of the Dungeon)

   [amulet of guardian spirit]

   It causes incoming damage to be split between your health and magic.
   It affects your dexterity (+5).
   It lets you see invisible.
   It lets you blink.
Wands
 c - a wand of acid (8)
 k - a wand of flame (35)
 u - a wand of enslavement (5)
Scrolls
 g - 2 scrolls of enchant armour
 j - 6 scrolls of remove curse
 q - 3 scrolls of fog
 v - 3 scrolls of teleportation
 w - a scroll of magic mapping
 x - 3 scrolls of amnesia
 z - 2 scrolls of blinking
 A - a scroll of fear {unknown}
 D - a scroll of immolation {unknown}
Potions
 f - 3 potions of curing
 l - 2 potions of magic
 o - 3 potions of heal wounds
 B - a potion of ambrosia
 C - a potion of cancellation
 E - a potion of stabbing
 F - a potion of flight
 G - a potion of haste {unknown}


   Skills:
 + Level 8.7 Fighting
 + Level 8.7 Short Blades
 + Level 7.3 Long Blades
 + Level 7.3 Axes
 + Level 7.3 Maces & Flails
 + Level 7.3 Polearms
 + Level 7.3 Staves
 + Level 7.3 Slings
 + Level 7.3 Bows
 + Level 7.3 Crossbows
 + Level 8.7 Throwing
 + Level 7.3 Armour
 + Level 7.8 Dodging
 + Level 10.6 Stealth
 + Level 7.3 Shields
 + Level 7.3 Unarmed Combat
 + Level 7.3 Spellcasting
 + Level 6.1 Conjurations
 + Level 6.1 Hexes
 + Level 6.1 Summonings
 + Level 6.1 Necromancy
 + Level 6.1 Translocations
 + Level 6.1 Transmutations
 + Level 6.1 Fire Magic
 + Level 6.1 Ice Magic
 + Level 6.1 Air Magic
 + Level 6.1 Earth Magic
 + Level 6.1 Poison Magic
 + Level 8.0 Invocations
 + Level 7.3 Evocations


You had 25 spell levels left.
You didn't know any spells.
Your spell library contained the following spells:

 Spells                   Type           Power        Failure   Level
 Corona                   Hex            ###....      1%          1
 Slow                     Hex            ###.....     1%          2
 Inner Flame              Hex/Fire       ###.....     3%          3
 Portal Projectile        Hex/Tloc       ###...       3%          3
 Cause Fear               Hex            ###.......   12%         4
 Leda's Liquefaction      Hex/Erth       ###.......   12%         4


Dungeon Overview and Level Annotations

Branches:
Dungeon (13/15)            Temple (1/1) D:6            Lair (0/6) D:8
    Orc (0/2) D:9
 Vaults: D:13-14

Altars:
Ashenzari
Cheibriados
Dithmenos
Elyvilon
Fedhas
Gozag
Hepliaklqana
Kikubaaqudgha
Makhleb
Okawaru
Qazlal
Ru
Sif Muna
Trog
Uskayaw
Wu Jian
Xom
Zin
The Shining One
Beogh

Shops:
D:4 [   D:5 *

Annotations:
D:8 exclusion: ice statue
D:13 Nessos, Rupert


Innate Abilities, Weirdness & Mutations

Your experience applies equally to all skills.
You have very sharp teeth.
Your uncanny sense of smell can sniff out nearby items.


Message History

The Council accepts your kill.
Rupert roars madly and goes into a rage!
Rupert goes berserk!
The orc completely misses you. The yak gores you!
Nessos shoots an arrow.
The arrow hits the yak!
The arrow burns the yak.
The yak looks as sick as possible!
Rupert rages.
The orc warrior shoots a bolt.
The bolt barely misses you. The yak gores you but does no damage.
The orc hits you from afar with a +0 halberd!
* * * LOW HITPOINT WARNING * * *
Rupert hits you with a +2 triple sword of protection!
* * * LOW HITPOINT WARNING * * *
The yak gores you but does no damage.
Nessos shoots an arrow.
The arrow hits the yak!
The arrow burns the yak!
The yak looks as sick as possible!
The yak barely misses you.
Rupert hits you with a +2 triple sword of protection!
* * * LOW HITPOINT WARNING * * *
The orc hits you but does no damage.
The orc warrior hits you with a +0 mace!
You die...

#.. . #... p###+++###op####
≈≈≈≈$..≈≈≈≈≈≈≈.####
≈≈≈≈...≈≈≈≈≈≈≈.##.### ####
≈≈≈≈...(≈≈≈≈≈.###...####..#####
≈≈≈.....≈≈≈≈........##........##
.............<.o#....†..(......#
......#......JZY@...##.........#
JZ(#.....(((.JJY@(.##......##.###
.#......((....o(................#
#Z..#......)((Y....().....)....?#
##.####......c..................#
#.# #...........#..######...#.##
...............##...........###
.##.#.#........###.###....>..# .
#.###......#.# ...........## ##


You could see Rupert (berserk), a vault guard, 3 slime creatures, 3 yaks, 2 orc
warriors, an orc, a centaur warrior zombie and the friendly Nessos (charmed,
fast).

Vanquished Creatures
  Harold (D:11)
  2 two-headed ogres
  An unseen horror (D:12)
  An orc knight (D:9)
  A manticore (D:12)
  3 slime creatures (D:12)
  An ugly thing (D:12)
  A centaur zombie (D:10)
  A gargoyle (D:13)
  3 kobold demonologists (D:11)
  2 trolls
  Grinder (D:6)
  2 hippogriffs
  A shadow (D:13)
  A wraith (D:12)
  10 yaks
  2 vampire mosquitoes (D:12)
  2 wargs
  Edmund (D:5)
  A water moccasin (D:9)
  8 orc warriors
  3 ice beasts
  3 sky beasts
  A black bear (D:12)
  A phantom (D:7)
  A necrophage (D:10)
  2 eyes of draining
  8 ogres
  8 centaurs
  A big kobold (D:10)
  9 bullfrogs
  8 scorpions
  7 killer bees (D:10)
  6 wights
  11 howler monkeys
  4 electric eels (D:9)
  2 bullfrog zombies
  A quasit (D:9)
  9 orc priests
  Crazy Yiuf (D:4)
  3 bullfrog skeletons
  16 hounds
  7 centaur skeletons
  Terence (D:3)
  4 iguanas
  19 orc wizards
  8 worker ants
  A hound zombie (D:6)
  2 hound skeletons
  3 howler monkey zombies
  A worker ant zombie (D:4)
  Robin (D:3)
  3 gnolls (D:8)
  9 adders
  A shadow imp (D:5)
  4 white imps
  An ufetubus (D:10)
  2 oozes
  2 adder skeletons
  2 adder zombies (D:4)
  5 leopard geckos
  40 orcs
  2 ball pythons
  5 giant cockroaches
  7 hobgoblins (D:3)
  3 jackals (D:6)
  6 quokkas
  A bat (D:3)
  2 frilled lizards
  2 giant cockroach zombies
  10 goblins (D:3)
  A jackal zombie (D:4)
  10 kobolds
  3 leopard gecko zombies
  4 rats (D:3)
323 creatures vanquished.

Vanquished Creatures (collateral kills)
  A slime creature (D:13)
  A hippogriff (D:12)
  A yak (D:13)
  A scorpion (D:9)
  2 orc wizards
  3 orcs (D:12)
9 creatures vanquished.

Vanquished Creatures (others)
  3 plants (D:9)
3 creatures vanquished.

Grand Total: 335 creatures vanquished

Notes
Turn   | Place    | Note
-------+----------+-------------------------------------------
     0 | D:1      | Lanoc the Gnoll Brigand began the quest for the Orb.
     0 | D:1      | Reached XP level 1. HP: 20/20 MP: 1/1
   107 | D:3      | Reached XP level 2. HP: 6/26 MP: 2/2
   123 | D:3      | Noticed Terence
   369 | D:3      | Killed Terence
   369 | D:3      | Reached skill level 1 in Invocations
   369 | D:3      | Reached XP level 3. HP: 22/31 MP: 2/4
   646 | D:3      | Reached skill level 1 in Long Blades
   646 | D:3      | Reached skill level 1 in Axes
   646 | D:3      | Reached skill level 1 in Maces & Flails
   646 | D:3      | Reached skill level 1 in Polearms
   646 | D:3      | Reached skill level 1 in Staves
   646 | D:3      | Reached skill level 1 in Slings
   646 | D:3      | Reached skill level 1 in Bows
   646 | D:3      | Reached skill level 1 in Crossbows
   646 | D:3      | Reached skill level 1 in Armour
   646 | D:3      | Reached skill level 1 in Shields
   646 | D:3      | Reached skill level 1 in Unarmed Combat
   646 | D:3      | Reached skill level 1 in Spellcasting
   646 | D:3      | Reached skill level 1 in Evocations
   790 | D:3      | Noticed Robin
   799 | D:3      | Reached XP level 4. HP: 29/38 MP: 5/5
   840 | D:3      | Killed Robin
  1125 | D:3      | Found a stormy altar of Qazlal.
  1126 | D:3      | Found an ancient bone altar of Kikubaaqudgha.
  1201 | D:4      | Reached skill level 1 in Conjurations
  1201 | D:4      | Reached skill level 1 in Hexes
  1201 | D:4      | Reached skill level 1 in Summonings
  1201 | D:4      | Reached skill level 1 in Necromancy
  1201 | D:4      | Reached skill level 1 in Translocations
  1201 | D:4      | Reached skill level 1 in Transmutations
  1201 | D:4      | Reached skill level 1 in Fire Magic
  1201 | D:4      | Reached skill level 1 in Ice Magic
  1201 | D:4      | Reached skill level 1 in Air Magic
  1201 | D:4      | Reached skill level 1 in Earth Magic
  1201 | D:4      | Reached skill level 1 in Poison Magic
  1228 | D:4      | Found a runed translucent door.
  1229 | D:4      | Noticed Crazy Yiuf
  1252 | D:4      | Found Nogav's Armour Shop.
  1255 | D:4      | Reached XP level 5. HP: 43/43 MP: 5/7
  1326 | D:4      | Found a white marble altar of Elyvilon.
  1376 | D:4      | Reached skill level 8 in Stealth
  1576 | D:4      | Reached XP level 6. HP: 50/50 MP: 8/8
  1922 | D:4      | Reached skill level 5 in Fighting
  1922 | D:4      | Reached skill level 5 in Short Blades
  1922 | D:4      | Reached skill level 5 in Throwing
  1980 | D:4      | HP: 1/51 [bullfrog zombie (6)]
  2380 | D:4      | Killed Crazy Yiuf
  2405 | D:5      | Entered Level 5 of the Dungeon
  2590 | D:5      | Noticed an ice beast
  2593 | D:5      | Killed an ice beast
  2593 | D:5      | Reached XP level 7. HP: 56/56 MP: 10/10
  2694 | D:5      | Noticed Edmund
  2728 | D:5      | Killed Edmund
  2993 | D:5      | Got an encrusted mace
  2993 | D:5      | Identified the +2 mace of True Grit {chaos, *Rage Int+6
                  | Dex+4} (You found it on level 5 of the Dungeon)
  3407 | D:5      | Reached XP level 8. HP: 58/63 MP: 12/12
  3487 | D:5      | Found Gozag's Platinum Reserve.
  3487 | D:5      | Found an opulent altar of Gozag.
  4151 | D:6      | Found a staircase to the Ecumenical Temple.
  4159 | D:6      | Noticed Grinder
  4169 | Temple   | Entered the Ecumenical Temple
  4488 | Temple   | Became a worshipper of the Wu Jian Council
  4746 | D:6      | Killed Grinder
  4746 | D:6      | Reached XP level 9. HP: 44/69 MP: 8/14
  5229 | D:7      | Got a scintillating ruby amulet
  5255 | D:7      | Identified the amulet "Enkagiep" {Spirit +Blink Dex+5 SInv}
                  | (You found it on level 7 of the Dungeon)
  5822 | D:7      | Reached skill level 5 in Dodging
  5826 | D:7      | Reached skill level 9 in Stealth
  6035 | D:8      | Reached * piety under Wu Jian
  6129 | D:8      | Reached skill level 5 in Invocations
  6165 | D:8      | Found a staircase to the Lair.
  6611 | D:7      | Reached XP level 10. HP: 21/77 MP: 2/17
  6996 | D:8      | Reached ** piety under Wu Jian
  7230 | D:8      | Noticed an ice statue
  7282 | D:8      | Found a glowing silver altar of Zin.
  7318 | D:8      | Reached skill level 5 in Long Blades
  7318 | D:8      | Reached skill level 5 in Axes
  7318 | D:8      | Reached skill level 5 in Maces & Flails
  7318 | D:8      | Reached skill level 5 in Polearms
  7318 | D:8      | Reached skill level 5 in Staves
  7318 | D:8      | Reached skill level 5 in Slings
  7318 | D:8      | Reached skill level 5 in Bows
  7318 | D:8      | Reached skill level 5 in Crossbows
  7318 | D:8      | Reached skill level 5 in Armour
  7318 | D:8      | Reached skill level 5 in Shields
  7318 | D:8      | Reached skill level 5 in Unarmed Combat
  7318 | D:8      | Reached skill level 5 in Spellcasting
  7318 | D:8      | Reached skill level 5 in Evocations
  8518 | D:9      | Found a staircase to the Orcish Mines.
  8724 | D:9      | Found a runed translucent door.
  8728 | D:9      | Noticed an orc knight
  9250 | D:9      | Killed an orc knight
  9282 | D:9      | Found a roughly hewn altar of Beogh.
  9407 | D:10     | Entered Level 10 of the Dungeon
  9766 | D:10     | Found a stormy altar of Qazlal.
  9771 | D:10     | Reached *** piety under Wu Jian
 10032 | D:10     | Reached XP level 11. HP: 74/84 MP: 17/19
 10674 | D:11     | Reached skill level 5 in Conjurations
 10674 | D:11     | Reached skill level 5 in Hexes
 10674 | D:11     | Reached skill level 5 in Summonings
 10674 | D:11     | Reached skill level 5 in Necromancy
 10674 | D:11     | Reached skill level 5 in Translocations
 10674 | D:11     | Reached skill level 5 in Transmutations
 10674 | D:11     | Reached skill level 5 in Fire Magic
 10674 | D:11     | Reached skill level 5 in Ice Magic
 10674 | D:11     | Reached skill level 5 in Air Magic
 10674 | D:11     | Reached skill level 5 in Earth Magic
 10674 | D:11     | Reached skill level 5 in Poison Magic
 11110 | D:11     | Found a white marble altar of Elyvilon.
 11121 | D:11     | Noticed Harold
 11124 | D:11     | Killed Harold
 11124 | D:11     | Reached skill level 10 in Stealth
 11790 | D:11     | Noticed a soul eater
 11793 | D:11     | Noticed a soul eater
 12171 | D:12     | Noticed a cyan ugly thing
 12205 | D:12     | Killed a cyan ugly thing
 12206 | D:12     | Noticed a manticore
 12218 | D:12     | Killed a manticore
 12237 | D:12     | Reached XP level 12. HP: 33/94 MP: 9/22
 12865 | D:12     | Reached **** piety under Wu Jian
 12898 | D:12     | Noticed a two-headed ogre
 12951 | D:12     | Killed a two-headed ogre
 13437 | D:13     | Noticed a two-headed ogre
 13462 | D:13     | Killed a two-headed ogre
 13583 | D:13     | Noticed a vault guard
 13592 | D:13     | Noticed a deep elf knight
 13592 | D:13     | Noticed a vault guard
 13593 | D:13     | Noticed Nessos
 13613 | D:13     | Noticed Rupert
 13616 | D:13     | Paralysed by Rupert for 6 turns
 13619 | D:13     | Slain by an orc warrior

Illustrated notes

Levels and vault maps discovered:
D:1:      ebering_trefoil_twist, layout_loops_ring, patterned_corridor
D:2:      layout_loops_corners, grunt_temple_overflow_open,
          nicolae_overflow_hidden_temple, minmay_misc_feat_hallway,
          hangedman_feature_mirror, minmay_worlds_worst_comb
D:3:      layout_basic, gammafunk_temple_overflow_statue, minmay_starry_boxes,
          uniq_terence, uniq_robin
D:4:      layout_gridville, elyvilon_altar_4, serial_undead, serial_undead_a,
          serial_undead_a, serial_undead_d, serial_undead_b, serial_undead_b,
          serial_undead_d, serial_shops, nicolae_shop_window_shopping,
          kennysheep_nondescript, uniq_crazy_yiuf_cottage
D:5:      layout_loops_corners, nicolae_gozag_zags_fifth_avenue, uniq_edmund
D:6:      layout_gridville, minmay_temple_entry_statues_fountains, uniq_grinder
D:7:      layout_loops_ring
D:8:      lemuel_ice_statue, layout_loops_ring, kennysheep_mini,
          erik_lair_orcish_takeover
D:9:      layout_rooms, orc_0_dummy, minivault_27, chequers_big_river,
          lightli_church_of_beogh
D:10:     layout_irregular_city, grunt_qazlal_sundering
D:11:     layout_long_grid, basic_altar, uniq_harold
D:12:     layout_roguey
D:13:     layout_cave_pools, grunt_vaults_entry_fortified,
          minmay_misc_feat_pillars, uniq_jorgrun, uniq_nessos, uniq_rupert,
          uniq_frances
Temple:   dpeg_chambers_temple

Skill      XL: |  1  2  3  4  5  6  7  8  9 10 11 12 |
---------------+-------------------------------------+-----
Invocations    | 1 2 3 4 5 6 7 8 |  8.0
Long Blades    | 1 2 3 4 5 6 7 |  7.3
Axes           | 1 2 3 4 5 6 7 |  7.3
Maces & Flails | 1 2 3 4 5 6 7 |  7.3
Polearms       | 1 2 3 4 5 6 7 |  7.3
Staves         | 1 2 3 4 5 6 7 |  7.3
Slings         | 1 2 3 4 5 6 7 |  7.3
Bows           | 1 2 3 4 5 6 7 |  7.3
Crossbows      | 1 2 3 4 5 6 7 |  7.3
Armour         | 1 2 3 4 5 6 7 |  7.3
Shields        | 1 2 3 4 5 6 7 |  7.3
Unarmed Combat | 1 2 3 4 5 6 7 |  7.3
Spellcasting   | 1 2 3 4 5 6 7 |  7.3
Evocations     | 1 2 3 4 5 6 7 |  7.3
Conjurations   | 1 2 3 4 5 6 |  6.1
Hexes          | 1 2 3 4 5 6 |  6.1
Summonings     | 1 2 3 4 5 6 |  6.1
Necromancy     | 1 2 3 4 5 6 |  6.1
Translocations | 1 2 3 4 5 6 |  6.1
Transmutations | 1 2 3 4 5 6 |  6.1
Fire Magic     | 1 2 3 4 5 6 |  6.1
Ice Magic      | 1 2 3 4 5 6 |  6.1
Air Magic      | 1 2 3 4 5 6 |  6.1
Earth Magic    | 1 2 3 4 5 6 |  6.1
Poison Magic   | 1 2 3 4 5 6 |  6.1
Dodging        | 3 4 5 6 7 |  7.8
Stealth        | 8 9 10 | 10.6
Fighting       | 5 6 7 8 |  8.7
Short Blades   | 5 6 7 8 |  8.7
Throwing       | 5 6 7 8 |  8.7

Action                   |  1- 3 |  4- 6 |  7- 9 | 10-12 || total
-------------------------+-------+-------+-------+-------++-------
Melee: Dagger            |    76 |   169 |   368 |  1032 ||  1645
       Bite              |     8 |    29 |    51 |   193 ||   281
       Punch             |       |     3 |     9 |    43 ||    55
Throw: Dart              |     6 |     1 |     7 |     3 ||    17
Invok: Lunge             |       |       |    14 |    56 ||    70
       Whirlwind         |       |       |     4 |   219 ||   223
Evoke: Wand              |       |       |       |    45 ||    45
  Use: Scroll            |       |       |     7 |     7 ||    14
       Potion            |       |       |     3 |       ||     3
 Stab: Sleeping          |     5 |     4 |    20 |    35 ||    64
       Distracted        |       |       |     4 |     8 ||    12
       Paralysed         |       |       |       |     3 ||     3
Armor: Robe              |    13 |    31 |    56 |   178 ||   278
Dodge: Dodged            |    48 |   123 |   210 |   563 ||   944

Table legend: (Time is in decaauts)
 A = Elapsed time spent in this place.
 B = Non-inter-level travel time spent in this place.
 C = Inter-level travel time spent in this place.
 D = Time resting spent in this place.
 E = Time spent auto-exploring this place.
 F = Levels seen in this place.
 G = Mean time per level.
                   A        B        C        D        E       F      G
               +--------+--------+--------+--------+--------+-----+--------+
         Total |  13266 |  13072 |    194 |   1215 |   9251 |  14 |  947.6 |
       Dungeon |  12728 |  12546 |    182 |   1033 |   8970 |  13 |  979.1 |
        Temple |    537 |    525 |     12 |    182 |    281 |   1 |  537.0 |
               +--------+--------+--------+--------+--------+-----+--------+

Top non-repeatable levels by time:
     D:9: 1500 daAuts
    D:11: 1432 daAuts
     D:5: 1408 daAuts
    D:12: 1348 daAuts
     D:7: 1327 daAuts
     D:8: 1316 daAuts
     D:4: 1212 daAuts
     D:3: 1058 daAuts
    D:10: 1017 daAuts
     D:6: 765 daAuts
  Temple: 537 daAuts
    D:13: 268 daAuts
     D:1: 42 daAuts
     D:2: 31 daAuts
